 Dungeon Crawl Stone Soup version 0.28.0-45-g0d030f2227 (webtiles) character file.

Game seed: 10514421631512884687

281 Icepheonix32 the Covered (level 6, -2/40 (48) HPs)
             Began as a Demonspawn Fighter on Apr 12, 2022.
             Slain by a hell rat (12 damage)
             ... in a sewer.
             The game lasted 00:03:44 (3000 turns).

Icepheonix32 the Covered (Demonspawn Fighter)       Turns: 3000, Time: 00:03:45

HP:   -2/40 (48)    AC:  9    Str: 19    XL:     6   Next: 6%
MP:   6/6           EV:  9    Int: 15    God:
Gold: 34            SH:  4    Dex: 12    Spells: 5/5 levels left

rFire   . . .      SeeInvis .   i - +1 dagger (drain)
rCold   . . .      Faith    .   c - +0 buckler
rNeg    . . .      Spirit   .   b - +0 scale mail
rPois   .          Reflect  .   e - +0 helmet
rElec   .          Harm     .   (no cloak)
rCorr   .          Rampage  .   m - +0 pair of gloves
Will    .....                   (no boots)
Stlth   ..........              j - amulet of magic regeneration
HPRegen 0.13/turn               g - +6 ring of intelligence
MPRegen 0.50/turn               (no ring)

@: hasted, heavily drained, very quick
A: claws 1, demonic guardian 1, spiny 1
a: no special abilities


You were in a sewer.
You visited 1 branch of the dungeon, and saw 3 of its levels.
You also visited: Sewer.

You collected 34 gold pieces.

Inventory:

Hand Weapons
 a - a +0 long sword
 f - a +0 hunting sling
 i - a +1 dagger of draining (weapon)
Armour
 b - a +0 scale mail (worn)
 c - a +0 buckler (worn)
 e - a +0 helmet (worn)
 h - a +0 kite shield
 m - a +0 pair of gloves (worn)
Jewellery
 g - a +6 ring of intelligence (left hand)
 j - an amulet of magic regeneration (around neck)
Scrolls
 l - a scroll of identify
 o - a scroll of enchant armour {unknown}
Potions
 k - 2 potions of resistance
 n - a potion of haste


   Skills:
 + Level 3.7 Fighting
 + Level 2.3(3.0) Short Blades
 - Level 2.8(3.3) Long Blades
 + Level 3.8 Armour
 + Level 1.2 Dodging
 + Level 0.9 Stealth
 - Level 3.1 Shields


You had 5 spell levels left.
You didn't know any spells.
Your spell library contained the following spells:

 Spells                   Type           Power      Damage    Failure   Level
 Gell's Gravitas          Tloc           0%         N/A       97%         3
 Lesser Beckoning         Tloc           0%         N/A       97%         3
 Teleport Other           Tloc           0%         N/A       97%         3


Dungeon Overview and Level Annotations

Branches:
Dungeon (3/15)              Sewer (1/1)

Altars:


Innate Abilities, Weirdness & Mutations

You have sharp fingernails.
A weak demonic guardian rushes to your aid.
You are partially covered in sharp spines.


Message History

Your shadow imp hits the hell rat but does no damage.
The hell rat splashes around in the water.
You barely miss the hell rat.
Your shadow imp splashes around in the water.
The hell rat bites you.
You feel drained.
You hit the hell rat but do no damage. You hit the hell rat but do no damage.
Your shadow imp barely misses the hell rat.
The hell rat bites you.
You feel drained.
You hit the hell rat.
The hell rat is moderately wounded.
You hit the hell rat but do no damage.
The hell rat is moderately wounded.
The hell rat is struck by your spines. The hell rat barely misses you.
Your shadow imp closely misses the hell rat.
You barely miss the hell rat.
The hell rat is moderately wounded.
The hell rat bites you.
You feel drained.
Your shadow imp splashes around in the water.
You hit the hell rat but do no damage.
The hell rat is moderately wounded.
The hell rat is struck by your spines. The hell rat bites you.
You hit the hell rat but do no damage.
The hell rat is moderately wounded.
Your shadow imp barely misses the hell rat.
You hit the hell rat but do no damage.
The hell rat is moderately wounded.
You block the hell rat's attack.
You hit the hell rat but do no damage.
The hell rat is moderately wounded.
Your shadow imp closely misses the hell rat.
The hell rat bites you.
* * * LOW HITPOINT WARNING * * *
You feel drained.
* * * LOW HITPOINT WARNING * * *
You hit the hell rat but do no damage.
The hell rat is moderately wounded.
Your shadow imp hits the hell rat but does no damage.
The hell rat bites you!
You die...

###.†≈∩.≈≈###
###≈...†∩.≈≈≈≈#
#≈.≈.≈#####≈...≈
##..†###?∩?###..≈
#≈..##≈?!!!?.##..
#..≈#.≈≈≈≈≈≈.≈# .
#≈.≈##.≈≈5≈≈. ≈
##.≈.###≈r≈# .≈.
#≈.≈≈.##@##..≈.≈
###≈.≈..†≈≈≈.≈#
###≈≈.≈≈≈.###
#########


You could see a hell rat (ally target) and a friendly shadow imp (summoned).

Vanquished Creatures
  9 adders
  5 river rats
  5 worms (D:3)
  4 dart slugs
  8 ball pythons
  5 bats
  7 endoplasms
  A giant cockroach (D:3)
  5 goblins
  3 hobgoblins
  4 jackals
  5 kobolds
  2 quokkas
  16 rats
79 creatures vanquished.

Vanquished Creatures (collateral kills)
  A bullfrog (D:3)
1 creature vanquished.

Grand Total: 80 creatures vanquished

Notes
Turn   | Place    | Note
-------+----------+-------------------------------------------
     0 | D:1      | Icepheonix32 the Demonspawn Fighter began the quest for the
                  | Orb.
     0 | D:1      | Reached XP level 1. HP: 18/18 MP: 1/1
    13 | D:1      | You fall into a shaft and drop 1 floor!
   434 | D:1      | Gained mutation: A weak demonic guardian rushes to your
                  | aid. [demonic ancestry]
   434 | D:1      | Reached XP level 2. HP: 15/24 MP: 2/2
   762 | D:1      | Found a faded altar of an unknown god.
   918 | D:1      | Reached XP level 3. HP: 17/29 MP: 3/3
  2196 | D:2      | Gained mutation: You are partially covered in sharp spines.
                  | [demonic ancestry]
  2196 | D:2      | Reached XP level 4. HP: 35/35 MP: 4/4
  2571 | D:3      | Noticed a bullfrog
  2581 | D:3      | Killed a bullfrog
  2582 | D:3      | Reached skill level 1 in Short Blades
  2582 | D:3      | Reached XP level 5. HP: 32/41 MP: 5/5
  2626 | D:3      | Reached skill level 1 in Dodging
  2777 | D:3      | Found a glowing drain.
  2786 | Sewer    | Entered a sewer
  2962 | Sewer    | Gained mutation: You have sharp fingernails. [demonic
                  | ancestry]
  2962 | Sewer    | Reached XP level 6. HP: 48/48 MP: 6/6
  3000 | Sewer    | Slain by a hell rat

Illustrated notes

Levels and vault maps discovered:
D:1:      minmay_arrival_cross, layout_basic, basic_ecumenical_altar
D:2:      minmay_evil_eye, layout_basic, corexii_hall_statues_l
D:3:      layout_basic, lightli_sewer_entry_pipes, minmay_vboxes
Sewer:    sewer_hellmonk_bad_rat

Skill      XL: |  1  2  3  4  5 |
---------------+----------------+-----
Armour         | 3 |  3.8
Long Blades    | 2 |  2.8
Short Blades   | 1 2 |  2.3
Shields        | 3 |  3.1
Dodging        | 1 |  1.2
Fighting       | |  3.7
Stealth        | |  0.9

Action                   |  1- 3 |  4- 6 || total
-------------------------+-------+-------++-------
Melee: Long sword        |   105 |       ||   105
       Dagger            |    34 |   110 ||   144
  Use: Scroll            |       |     1 ||     1
       Potion            |       |     2 ||     2
Armor: Scale mail        |    54 |    29 ||    83
Dodge: Dodged            |    69 |    32 ||   101
Block: Buckler           |    24 |    25 ||    49
